Blue Jackets vs Bruins
Created - December 10, 2020 at 20:18
Goals
|
| Blue Jackets |
1 |
0 |
1 |
0 |
1 |
2 |
| Bruins |
1 |
0 |
1 |
0 |
2 |
3 |
|
Shots
|
| Blue Jackets |
11 |
5 |
9 |
0 |
6 |
25 |
| Bruins |
20 |
4 |
8 |
0 |
6 |
32 |
|
1st period
1. Bruins , T.J Galiardi 3 (Victor Oreskovich 8, Dave Bolland 5) at 4:45 (PP)
2. Blue Jackets , Devin Setoguchi 6 (Artemi Panarin 14, Dalton Prout 4) at 16:52
Penalties :
Dalton Prout (Clb) for Holding (Minor) at 3:55, Zack Kassian (Bos) for High sticking (Double Minor) at 7:48
2nd period
No Goal
Penalties :
Mike Lundin (Clb) for Hooking (Minor) at 10:22, Ryan Wilson (Clb) for Cross-checking (Minor) at 19:28
3rd period
3. Bruins , Jonathan Toews 14 (Dave Bolland 6, Dan Hamhuis 5) at 0:56 (PP)
4. Blue Jackets , Eric Wellwood 5 (Tyler Seguin 15, Devin Setoguchi 14) at 8:16
Penalties :
Johnny Boychuk (Bos) for Hooking (Minor) at 1:43, Casey Cizikas (Bos) for Hooking (Minor) at 11:46
Overtime #1
No Goal
Penalties :
No Penalty
Shootout
Blue Jackets, Tyler Seguin - Stopped by Kevin Poulin
Bruins, Wojtek Wolski - Goal!
Blue Jackets, Artemi Panarin - Stopped by Kevin Poulin
Bruins, Zack Kassian - Stopped by Rick DiPietro
Blue Jackets, Max Pacioretty - Goal!
Bruins, Jonathan Toews - Stopped by Rick DiPietro
Blue Jackets, Peter Mueller - Shot Misses the Net
Bruins, Victor Oreskovich - Stopped by Rick DiPietro
Blue Jackets, Devin Setoguchi - Shot Misses the Net
Bruins, Dave Bolland - Shot Hit the Post
Blue Jackets, Martin Havlat - Shot Misses the Net
Bruins, Jason Demers - Goal!
Penalties :
No Penalty
Goalie Stats
Rick DiPietro (Clb), 30 saves from 32 shots - (0.938), OTL, 5-9-2, 65:00 minutes
Kevin Poulin (Bos), 23 saves from 25 shots - (0.920), W, 12-4-1, 65:00 minutes
Players Stats for Blue Jackets
Player Name G A P +/- PIM S H SB GA TA FO MP PP MP PK MP
------------------------------------------------------------------------------------
Andreas Nodl 0 0 0 0 0 0 0 0 0 0 0/0 8:19 0:36 0:00
Artemi Panarin 0 1 1 1 0 5 0 2 0 0 1/3 24:00 3:48 2:53
Brandon Bollig 0 0 0 0 0 1 0 1 0 0 0/1 8:16 0:00 0:38
Branislav Mezei 0 0 0 0 0 0 1 0 0 0 0/0 14:51 0:17 0:21
Cam Fowler 0 0 0 1 0 0 2 0 0 2 0/0 29:31 4:18 1:54
Cody Eakin 0 0 0 0 0 0 0 0 0 0 2/2 8:57 0:14 0:01
Dalton Prout 0 1 1 1 2 0 0 0 0 1 0/0 20:49 3:22 2:02
Devin Setoguchi 1 1 2 1 0 5 2 0 0 0 0/0 18:48 3:48 0:00
Eric Wellwood 1 0 1 1 0 3 2 0 0 0 0/2 12:17 0:14 0:39
Martin Havlat 0 0 0 0 0 0 4 1 1 0 0/0 17:20 3:19 0:00
Max Pacioretty 0 0 0 0 0 0 3 0 0 0 0/2 19:22 3:19 0:45
Mike Lundin 0 0 0 1 2 4 4 1 1 1 0/0 29:26 4:18 1:50
Pavel Datsyuk 0 0 0 1 0 0 0 0 2 0 3/8 12:24 0:36 0:00
Peter Mueller 0 0 0 0 0 4 2 0 0 0 6/11 19:06 3:19 0:45
Rob Scuderi 0 0 0 1 0 1 0 1 0 1 0/0 20:46 3:22 2:02
Ryan Wilson 0 0 0 0 2 0 0 0 0 2 0/0 15:23 0:17 0:25
Tyler Kennedy 0 0 0 1 0 1 1 0 0 1 0/1 12:24 0:50 0:00
Tyler Seguin 0 1 1 1 0 1 2 1 0 0 10/22 23:41 3:48 2:53
Players Stats for Bruins
Player Name G A P +/- PIM S H SB GA TA FO MP PP MP PK MP
------------------------------------------------------------------------------------
Brendan Smith 0 0 0 0 0 0 0 1 0 0 0/0 6:24 0:50 1:29
Casey Cizikas 0 0 0 0 2 0 1 0 0 0 1/3 10:01 0:23 1:23
Dan Hamhuis 0 1 1 0 0 3 1 1 0 0 0/0 26:11 0:59 3:34
Dave Bolland 0 2 2 0 0 4 2 0 1 0 14/19 16:58 3:01 0:00
Ian Cole 0 0 0 -1 0 0 2 0 1 1 0/0 23:08 2:12 1:16
Jason Demers 0 0 0 -1 0 2 0 1 0 0 0/0 29:40 3:02 3:48
Johnny Boychuk 0 0 0 -1 2 2 1 1 0 1 0/0 24:40 0:59 2:41
Jonathan Toews 1 0 1 -1 0 2 0 0 0 0 8/17 21:05 0:50 2:06
Kris Chucko 0 0 0 -1 0 1 1 1 0 0 0/1 13:53 0:00 1:56
Matt Read 0 0 0 -1 0 2 1 0 1 0 0/2 13:46 0:00 1:53
Mike Ribeiro 0 0 0 -1 0 1 1 0 0 0 1/2 12:39 0:38 0:00
Rene Bourque 0 0 0 0 0 1 0 0 1 0 0/0 7:01 0:19 0:00
Samuel Morin 0 0 0 -1 0 1 2 4 0 1 0/0 16:58 0:16 3:06
T.J Galiardi 1 0 1 0 0 3 1 1 1 0 1/1 17:15 2:49 1:04
Victor Oreskovich 0 1 1 0 0 4 4 0 1 1 0/0 19:31 2:49 2:06
Wojtek Wolski 0 0 0 -1 0 3 4 0 1 0 5/6 26:50 0:50 3:09
Zack Hamill 0 0 0 0 0 0 1 0 0 0 0/0 4:19 0:38 0:00
Zack Kassian 0 0 0 -1 4 3 1 1 1 0 0/1 21:41 0:50 2:17
3 Stars
1 - Devin Setoguchi (Clb)
2 - Eric Wellwood (Clb)
3 - Dave Bolland (Bos)
Power Play
Blue Jackets - 0 on 4 Attempt(s) - 0.00%
Bruins - 2 on 3 Attempt(s) - 66.67%
Penalty Kill
Blue Jackets - 1 on 3 Attempt(s) - 33.33%
- Score 0 goal in Penalty Kill
Bruins - 4 on 4 Attempt(s) - 100.00%
- Score 0 goal in Penalty Kill
Team Stat
Blue Jackets - Hits : 23 - Faceoff Wins : 22 - Blocked Shots : 7 - Penalty Minutes : 6
Bruins - Hits : 23 - Faceoff Wins : 30 - Blocked Shots : 11 - Penalty Minutes : 8
Official
Referees : Unknown
Linesman : Unknown
Game Notes
Brendan Smith is injured at 11:51 of 1st period (Right Knee)
Finance
Level 1 -- Attendance: 4639 (77.32%) -- Ticket Income $575,236
Level 2 -- Attendance: 3700 (74.00%) -- Ticket Income $277,500
Level 3 -- Attendance: 1551 (77.55%) -- Ticket Income $68,244
Level 4 -- Attendance: 3734 (93.35%) -- Ticket Income $108,286
Luxury Box -- Attendance: 757 (75.70%) -- Ticket Income $165,783
Game was played at the TD Banknorth Garden.
Total Attendance: 14381 (79.89%)
Total Ticket Income: $1,195,049
Other Income: $179,257
Total Income: $1,374,306
Blue Jackets
5 vs 5 Forward
Center Left Wing Right Wing Time % Phy DF OF
1 Tyler Seguin Artemi Panarin Devin Setoguchi 40 1 2 2
2 Peter Mueller Max Pacioretty Martin Havlat 30 1 2 2
3 Pavel Datsyuk Eric Wellwood Tyler Kennedy 20 1 2 2
4 Cody Eakin Brandon Bollig Andreas Nodl 10 1 2 2
5 vs 5 Defense
Defense Defense Time % Phy DF OF
1 Cam Fowler Mike Lundin 40 1 2 2
2 Dalton Prout Rob Scuderi 30 1 2 2
3 Branislav Mezei Ryan Wilson 20 1 2 2
4 Cam Fowler Mike Lundin 10 1 2 2
PowerPlay Forward
Center Left Wing Right Wing Time % Phy DF OF
1 Tyler Seguin Artemi Panarin Devin Setoguchi 60 1 2 2
2 Peter Mueller Max Pacioretty Martin Havlat 40 1 2 2
PowerPlay Defense
Defense Defense Time % Phy DF OF
1 Cam Fowler Mike Lundin 60 1 2 2
2 Dalton Prout Rob Scuderi 40 1 2 2
Penalty Kill 4 Players Forward
Center Wing Time % Phy DF OF
1 Tyler Seguin Artemi Panarin 60 1 2 2
2 Max Pacioretty Peter Mueller 40 1 2 2
Penalty Kill 4 Players Defense
Defense Defense Time % Phy DF OF
1 Cam Fowler Mike Lundin 60 1 2 2
2 Dalton Prout Rob Scuderi 40 1 2 2
Penalty Kill - 3 Players Forward
Forward Time % Phy DF OF
1 Tyler Seguin 60 1 2 2
2 Artemi Panarin 40 1 2 2
Penalty Kill - 3 Players Defense
Defense Defense Time % Phy DF OF
1 Cam Fowler Mike Lundin 60 1 2 2
2 Dalton Prout Rob Scuderi 40 1 2 2
4 vs 4 Forward
Center Wing Time % Phy DF OF
1 Tyler Seguin Artemi Panarin 60 1 2 2
2 Max Pacioretty Peter Mueller 40 1 2 2
4 vs 4 Defense
Defense Defense Time % Phy DF OF
1 Cam Fowler Mike Lundin 60 1 2 2
2 Dalton Prout Rob Scuderi 40 1 2 2
Last Minutes Offensive
Center Left Wing Right Wing Defense Defense
Tyler Seguin Artemi Panarin Devin Setoguchi Cam Fowler Mike Lundin
Last Minutes Defensive
Center Left Wing Right Wing Defense Defense
Tyler Seguin Artemi Panarin Devin Setoguchi Cam Fowler Mike Lundin
Goaltenders
Starting : Rick DiPietro
Backup : Andrei Vasilevskiy
Extra Forwards
Normal : Pavel Datsyuk, Tyler Kennedy, Eric Wellwood - PP : Pavel Datsyuk, Tyler Kennedy - PK : Eric Wellwood
Extra Defensemen
Normal : Branislav Mezei, Ryan Wilson, Dalton Prout - PP : Branislav Mezei - PK : Ryan Wilson, Dalton Prout
Penalty Shots
Tyler Seguin, Artemi Panarin, Max Pacioretty, Peter Mueller, Devin Setoguchi
Scratches
Dennis Wideman (Healthy)
Bruins
5 vs 5 Forward
Center Left Wing Right Wing Time % Phy DF OF
1 Jonathan Toews Wojtek Wolski Zack Kassian 40 1 2 2
2 Dave Bolland T.J Galiardi Victor Oreskovich 30 1 2 2
3 Mike Ribeiro Kris Chucko Matt Read 20 1 2 2
4 Casey Cizikas Wojtek Wolski Rene Bourque 10 1 2 2
5 vs 5 Defense
Defense Defense Time % Phy DF OF
1 Jason Demers Brendan Smith 40 1 2 2
2 Johnny Boychuk Dan Hamhuis 30 1 2 2
3 Ian Cole Samuel Morin 20 1 2 2
4 Jason Demers Brendan Smith 10 1 2 2
PowerPlay Forward
Center Left Wing Right Wing Time % Phy DF OF
1 Jonathan Toews Wojtek Wolski Zack Kassian 60 1 2 2
2 Dave Bolland T.J Galiardi Victor Oreskovich 40 1 2 2
PowerPlay Defense
Defense Defense Time % Phy DF OF
1 Jason Demers Brendan Smith 60 1 2 2
2 Johnny Boychuk Dan Hamhuis 40 1 2 2
Penalty Kill 4 Players Forward
Center Wing Time % Phy DF OF
1 Wojtek Wolski Zack Kassian 60 1 2 2
2 Jonathan Toews Victor Oreskovich 40 1 2 2
Penalty Kill 4 Players Defense
Defense Defense Time % Phy DF OF
1 Jason Demers Brendan Smith 60 1 2 2
2 Johnny Boychuk Dan Hamhuis 40 1 2 2
Penalty Kill - 3 Players Forward
Forward Time % Phy DF OF
1 Wojtek Wolski 60 1 2 2
2 Zack Kassian 40 1 2 2
Penalty Kill - 3 Players Defense
Defense Defense Time % Phy DF OF
1 Jason Demers Brendan Smith 60 1 2 2
2 Johnny Boychuk Dan Hamhuis 40 1 2 2
4 vs 4 Forward
Center Wing Time % Phy DF OF
1 Wojtek Wolski Zack Kassian 60 1 2 2
2 Jonathan Toews Victor Oreskovich 40 1 2 2
4 vs 4 Defense
Defense Defense Time % Phy DF OF
1 Jason Demers Brendan Smith 60 1 2 2
2 Johnny Boychuk Dan Hamhuis 40 1 2 2
Last Minutes Offensive
Center Left Wing Right Wing Defense Defense
Jonathan Toews Wojtek Wolski Zack Kassian Jason Demers Brendan Smith
Last Minutes Defensive
Center Left Wing Right Wing Defense Defense
Jonathan Toews Wojtek Wolski Zack Kassian Jason Demers Brendan Smith
Goaltenders
Starting : Kevin Poulin
Backup : Josh Tordjman
Extra Forwards
Normal : Zack Hamill, Mike Ribeiro, Matt Read - PP : Zack Hamill, Mike Ribeiro - PK : Matt Read
Extra Defensemen
Normal : Ian Cole, Samuel Morin, Johnny Boychuk - PP : Ian Cole - PK : Samuel Morin, Johnny Boychuk
Penalty Shots
Wojtek Wolski, Zack Kassian, Jonathan Toews, Victor Oreskovich, Dave Bolland
Scratches
Scott Hartnell (Healthy), Slava Voynov (Healthy)
% Time on Ice - Blue Jackets
Lines # - Real PCT - Wanted PCT - Time Play
Normal Forward
1 - 34% - 40% - 16:06
2 - 30% - 30% - 14:14
3 - 21% - 20% - 9:48
4 - 16% - 10% - 7:38
Normal Defense
1 - 41% - 40% - 19:32
2 - 28% - 30% - 13:33
3 - 28% - 20% - 13:14
4 - 3% - 10% - 1:27
PP Forward
1 - 48% - 60% - 3:48
2 - 52% - 40% - 4:09
PP Defense
1 - 58% - 60% - 4:35
2 - 42% - 40% - 3:22
PK Forward
1 - 82% - 60% - 3:32
2 - 18% - 40% - 0:45
PK Defense
1 - 44% - 60% - 1:54
2 - 56% - 40% - 2:23
PK3 Forward
1 - 0% - 60%
2 - 0% - 40%
PK3 Defense
1 - 0% - 60%
2 - 0% - 40%
44 Forward
1 - 75% - 60% - 3:45
2 - 25% - 40% - 1:15
44 Defense
1 - 64% - 60% - 3:11
2 - 36% - 40% - 1:49
Last Minute Offensive - 0:00
Last Minute Defensive - 0:00
Total
Forward - 65:00
Defense - 65:00
|
% Time on Ice - Bruins
Lines # - Real PCT - Wanted PCT - Time Play
Normal Forward
1 - 36% - 40% - 17:14
2 - 30% - 30% - 14:20
3 - 22% - 20% - 10:17
4 - 12% - 10% - 5:55
Normal Defense
1 - 46% - 40% - 22:10
2 - 29% - 30% - 14:01
3 - 16% - 20% - 7:31
4 - 9% - 10% - 4:04
PP Forward
1 - 19% - 60% - 0:50
2 - 81% - 40% - 3:27
PP Defense
1 - 77% - 60% - 3:18
2 - 23% - 40% - 0:59
PK Forward
1 - 74% - 60% - 5:51
2 - 26% - 40% - 2:06
PK Defense
1 - 68% - 60% - 5:25
2 - 32% - 40% - 2:32
PK3 Forward
1 - 0% - 60%
2 - 0% - 40%
PK3 Defense
1 - 0% - 60%
2 - 0% - 40%
44 Forward
1 - 74% - 60% - 3:42
2 - 26% - 40% - 1:18
44 Defense
1 - 71% - 60% - 3:32
2 - 29% - 40% - 1:28
Last Minute Offensive - 0:00
Last Minute Defensive - 0:00
Total
Forward - 65:00
Defense - 65:00
|
Play-by-Play
1st period
0:01 of 1st period - Tyler Seguin wins face-off versus Jonathan Toews in neutral zone.
0:27 of 1st period - Jason Demers is hit by Max Pacioretty and loses puck.
1:00 of 1st period - Mike Ribeiro is hit by Mike Lundin and loses puck.
1:21 of 1st period - Slapshot by Wojtek Wolski.
1:21 of 1st period - Shot Misses the Net.
2:25 of 1st period - Snap shot by Dave Bolland.
2:25 of 1st period - Stopped by Rick DiPietro without a rebound.
2:26 of 1st period - Dave Bolland wins face-off versus Brandon Bollig in Blue Jackets zone.
2:31 of 1st period - Wrist shot by T.J Galiardi.
2:31 of 1st period - Stopped by Rick DiPietro without a rebound.
2:32 of 1st period - Jonathan Toews wins face-off versus Artemi Panarin in Blue Jackets zone.
2:39 of 1st period - Wrist shot by Zack Kassian.
2:39 of 1st period - Shot Misses the Net.
2:41 of 1st period - Wrist shot by Wojtek Wolski.
2:41 of 1st period - Deflect By Zack Kassian.
2:41 of 1st period - Shot Misses the Net.
2:41 of 1st period - Puck is out of play.
2:42 of 1st period - Artemi Panarin wins face-off versus Jonathan Toews in Blue Jackets zone.
3:26 of 1st period - Snap shot by Zack Kassian.
3:26 of 1st period - Shot Hit the Post.
3:32 of 1st period - Snap shot by Wojtek Wolski.
3:32 of 1st period - Stopped by Rick DiPietro with a rebound.
3:34 of 1st period - Slapshot by Samuel Morin.
3:34 of 1st period - Shot Misses the Net.
3:55 of 1st period - Minor Penalty to Dalton Prout for Holding.
3:56 of 1st period - Dave Bolland wins face-off versus Max Pacioretty in Blue Jackets zone.
4:13 of 1st period - Icing by Jason Demers.
4:14 of 1st period - T.J Galiardi wins face-off versus Tyler Seguin in Bruins zone.
4:43 of 1st period - Snap shot by T.J Galiardi.
4:43 of 1st period - Shot Misses the Net.
4:45 of 1st period - Snap shot by T.J Galiardi.
4:45 of 1st period - Goal by T.J Galiardi - Blue Jackets : 0 - Bruins : 1.
4:46 of 1st period - Peter Mueller wins face-off versus Kris Chucko in neutral zone.
4:49 of 1st period - Wrist shot by Peter Mueller.
4:49 of 1st period - Stopped by Kevin Poulin with a rebound.
4:56 of 1st period - Off-side.
4:57 of 1st period - Dave Bolland wins face-off versus Peter Mueller in neutral zone.
5:48 of 1st period - Snap shot by Matt Read.
5:48 of 1st period - Deflect By Kris Chucko.
5:48 of 1st period - Stopped by Rick DiPietro without a rebound.
5:49 of 1st period - Peter Mueller wins face-off versus Matt Read in Blue Jackets zone.
6:06 of 1st period - Wrist shot by Matt Read.
6:06 of 1st period - Stopped by Rick DiPietro without a rebound.
6:07 of 1st period - Pavel Datsyuk wins face-off versus Dave Bolland in Blue Jackets zone.
6:12 of 1st period - Slapshot by Victor Oreskovich.
6:12 of 1st period - Deflect By Dave Bolland.
6:12 of 1st period - Stopped by Rick DiPietro with a rebound.
6:14 of 1st period - Slapshot by Victor Oreskovich.
6:14 of 1st period - Stopped by Rick DiPietro with a rebound.
6:16 of 1st period - Snap shot by Dave Bolland.
6:16 of 1st period - Shot Misses the Net.
6:18 of 1st period - Slapshot by Johnny Boychuk.
6:18 of 1st period - Stopped by Rick DiPietro with a rebound.
6:20 of 1st period - Wrist shot by Dave Bolland.
6:20 of 1st period - Stopped by Rick DiPietro with a rebound.
6:41 of 1st period - Brendan Smith is hit by Martin Havlat and loses puck.
7:04 of 1st period - Snap shot by Zack Kassian.
7:04 of 1st period - Stopped by Rick DiPietro with a rebound.
7:06 of 1st period - Slapshot by Jonathan Toews.
7:06 of 1st period - Shot Blocked by Brandon Bollig.
7:24 of 1st period - Snap shot by Wojtek Wolski.
7:24 of 1st period - Stopped by Rick DiPietro with a rebound.
7:26 of 1st period - Slapshot by Jonathan Toews.
7:26 of 1st period - Stopped by Rick DiPietro with a rebound.
7:28 of 1st period - Snap shot by Zack Kassian.
7:28 of 1st period - Stopped by Rick DiPietro with a rebound.
7:45 of 1st period - Cody Eakin is hit by Zack Kassian and loses puck.
7:48 of 1st period - Double Minor Penalty to Zack Kassian for High sticking.
7:49 of 1st period - Tyler Seguin wins face-off versus Matt Read in Bruins zone.
11:07 of 1st period - Johnny Boychuk is hit by Cam Fowler and loses puck.
11:48 of 1st period - Penalty to Zack Kassian is over, Zack Kassian is back on ice.
11:51 of 1st period - Wrist shot by Andreas Nodl.
11:51 of 1st period - Shot Blocked by Brendan Smith.
11:51 of 1st period - Brendan Smith from Bruins is injured at 11:51 of 1st period (Right Knee).
11:52 of 1st period - Dave Bolland wins face-off versus Tyler Seguin in Bruins zone.
11:52 of 1st period - Dave Bolland is hit by Devin Setoguchi.
13:29 of 1st period - Snap shot by Tyler Seguin.
13:29 of 1st period - Shot Blocked by Kris Chucko.
13:51 of 1st period - Wrist shot by Zack Kassian.
13:51 of 1st period - Shot Blocked by Martin Havlat.
13:53 of 1st period - Wrist shot by Wojtek Wolski.
13:53 of 1st period - Stopped by Rick DiPietro without a rebound.
13:54 of 1st period - Dave Bolland wins face-off versus Tyler Seguin in Blue Jackets zone.
13:55 of 1st period - Wrist shot by Victor Oreskovich.
13:55 of 1st period - Shot Blocked by Mike Lundin.
13:57 of 1st period - Wrist shot by Johnny Boychuk.
13:57 of 1st period - Shot Blocked by Artemi Panarin.
13:59 of 1st period - Snap shot by Victor Oreskovich.
13:59 of 1st period - Stopped by Rick DiPietro with a rebound.
14:01 of 1st period - Snap shot by Dan Hamhuis.
14:01 of 1st period - Stopped by Rick DiPietro with a rebound.
14:03 of 1st period - Slapshot by Johnny Boychuk.
14:03 of 1st period - Deflect By T.J Galiardi.
14:03 of 1st period - Stopped by Rick DiPietro without a rebound.
14:04 of 1st period - Dave Bolland wins face-off versus Tyler Seguin in Blue Jackets zone.
14:17 of 1st period - Slapshot by Dan Hamhuis.
14:17 of 1st period - Stopped by Rick DiPietro with a rebound.
14:19 of 1st period - Snap shot by Victor Oreskovich.
14:19 of 1st period - Stopped by Rick DiPietro without a rebound.
14:20 of 1st period - Jonathan Toews wins face-off versus Peter Mueller in Blue Jackets zone.
15:12 of 1st period - Off-side.
15:13 of 1st period - Jonathan Toews wins face-off versus Pavel Datsyuk in neutral zone.
15:40 of 1st period - Kris Chucko is hit by Devin Setoguchi and loses puck.
15:45 of 1st period - Snap shot by Artemi Panarin.
15:45 of 1st period - Stopped by Kevin Poulin with a rebound.
15:47 of 1st period - Snap shot by Devin Setoguchi.
15:47 of 1st period - Stopped by Kevin Poulin with a rebound.
15:49 of 1st period - Snap shot by Artemi Panarin.
15:49 of 1st period - Shot Misses the Net.
15:51 of 1st period - Slapshot by Tyler Seguin.
15:51 of 1st period - Shot Misses the Net.
15:53 of 1st period - Snap shot by Devin Setoguchi.
15:53 of 1st period - Stopped by Kevin Poulin with a rebound.
16:26 of 1st period - Snap shot by Cody Eakin.
16:26 of 1st period - Shot Blocked by Dan Hamhuis.
16:28 of 1st period - Slapshot by Andreas Nodl.
16:28 of 1st period - Shot Blocked by Johnny Boychuk.
16:30 of 1st period - Slapshot by Cam Fowler.
16:30 of 1st period - Shot Misses the Net.
16:32 of 1st period - Backhand shot by Andreas Nodl.
16:32 of 1st period - Shot Misses the Net.
16:34 of 1st period - Slapshot by Mike Lundin.
16:34 of 1st period - Stopped by Kevin Poulin without a rebound.
16:35 of 1st period - Tyler Seguin wins face-off versus Jonathan Toews in Bruins zone.
16:38 of 1st period - Backhand shot by Devin Setoguchi.
16:38 of 1st period - Stopped by Kevin Poulin with a rebound.
16:40 of 1st period - Wrist shot by Rob Scuderi.
16:40 of 1st period - Stopped by Kevin Poulin with a rebound.
16:42 of 1st period - Snap shot by Artemi Panarin.
16:42 of 1st period - Shot Misses the Net.
16:46 of 1st period - Wrist shot by Tyler Seguin.
16:46 of 1st period - Shot Blocked by Samuel Morin.
16:48 of 1st period - Slapshot by Dalton Prout.
16:48 of 1st period - Shot Blocked by Samuel Morin.
16:50 of 1st period - Snap shot by Artemi Panarin.
16:50 of 1st period - Stopped by Kevin Poulin with a rebound.
16:52 of 1st period - Snap shot by Devin Setoguchi.
16:52 of 1st period - Goal by Devin Setoguchi - Blue Jackets : 1 - Bruins : 1.
16:53 of 1st period - Jonathan Toews wins face-off versus Tyler Seguin in neutral zone.
17:04 of 1st period - Zack Kassian is hit by Tyler Seguin and loses puck.
17:24 of 1st period - Snap shot by Peter Mueller.
17:24 of 1st period - Stopped by Kevin Poulin without a rebound.
17:25 of 1st period - Dave Bolland wins face-off versus Peter Mueller in Bruins zone.
17:38 of 1st period - Slapshot by Dave Bolland.
17:38 of 1st period - Shot Misses the Net.
17:40 of 1st period - Backhand shot by Dan Hamhuis.
17:40 of 1st period - Shot Blocked by Rob Scuderi.
18:34 of 1st period - Victor Oreskovich is hit by Martin Havlat and loses puck.
18:39 of 1st period - Wrist shot by Max Pacioretty.
18:39 of 1st period - Shot Misses the Net.
18:41 of 1st period - Snap shot by Martin Havlat.
18:41 of 1st period - Shot Misses the Net.
18:43 of 1st period - Slapshot by Mike Lundin.
18:43 of 1st period - Shot Misses the Net.
18:45 of 1st period - Wrist shot by Max Pacioretty.
18:45 of 1st period - Shot Misses the Net.
18:55 of 1st period - Branislav Mezei is hit by Wojtek Wolski and loses puck.
19:50 of 1st period - Wrist shot by Tyler Kennedy.
19:50 of 1st period - Stopped by Kevin Poulin without a rebound.
19:51 of 1st period - Dave Bolland wins face-off versus Pavel Datsyuk in Bruins zone.
19:56 of 1st period - Dave Bolland is hit by Mike Lundin.
Goals for this period are 1 for Blue Jackets vs 1 for Bruins.
Shots for this period are 11 for Blue Jackets vs 20 for Bruins.
2nd period
0:01 of 2nd period - Jonathan Toews wins face-off versus Tyler Seguin in neutral zone.
1:39 of 2nd period - Wrist shot by Artemi Panarin.
1:39 of 2nd period - Stopped by Kevin Poulin with a rebound.
1:41 of 2nd period - Backhand shot by Devin Setoguchi.
1:41 of 2nd period - Stopped by Kevin Poulin with a rebound.
2:15 of 2nd period - Mike Ribeiro is hit by Branislav Mezei and loses puck.
3:20 of 2nd period - Icing by Jason Demers.
3:21 of 2nd period - Mike Ribeiro wins face-off versus Tyler Kennedy in Bruins zone.
3:26 of 2nd period - Snap shot by Matt Read.
3:26 of 2nd period - Stopped by Rick DiPietro with a rebound.
3:28 of 2nd period - Wrist shot by Kris Chucko.
3:28 of 2nd period - Shot Misses the Net.
3:30 of 2nd period - Wrist shot by Samuel Morin.
3:30 of 2nd period - Stopped by Rick DiPietro without a rebound.
3:31 of 2nd period - Dave Bolland wins face-off versus Pavel Datsyuk in Blue Jackets zone.
3:38 of 2nd period - Snap shot by Dave Bolland.
3:38 of 2nd period - Stopped by Rick DiPietro with a rebound.
3:40 of 2nd period - Snap shot by T.J Galiardi.
3:40 of 2nd period - Shot Misses the Net.
4:21 of 2nd period - Snap shot by Cody Eakin.
4:21 of 2nd period - Shot Misses the Net.
4:59 of 2nd period - Pavel Datsyuk is hit by Ian Cole and loses puck.
5:22 of 2nd period - Artemi Panarin is hit by Mike Ribeiro and loses puck.
5:27 of 2nd period - Wrist shot by Matt Read.
5:27 of 2nd period - Shot Blocked by Tyler Seguin.
5:58 of 2nd period - Icing by Cam Fowler.
5:59 of 2nd period - Cody Eakin wins face-off versus Jonathan Toews in Blue Jackets zone.
6:30 of 2nd period - Wrist shot by Martin Havlat.
6:30 of 2nd period - Shot Misses the Net.
6:32 of 2nd period - Snap shot by Peter Mueller.
6:32 of 2nd period - Stopped by Kevin Poulin without a rebound.
6:33 of 2nd period - Tyler Seguin wins face-off versus Dave Bolland in Bruins zone.
7:33 of 2nd period - Wrist shot by Artemi Panarin.
7:33 of 2nd period - Stopped by Kevin Poulin without a rebound.
7:34 of 2nd period - Peter Mueller wins face-off versus Jonathan Toews in Bruins zone.
7:39 of 2nd period - Snap shot by Peter Mueller.
7:39 of 2nd period - Stopped by Kevin Poulin without a rebound.
7:40 of 2nd period - Jonathan Toews wins face-off versus Peter Mueller in Bruins zone.
9:09 of 2nd period - Cam Fowler is hit by Dan Hamhuis and loses puck.
9:14 of 2nd period - Wrist shot by Zack Kassian.
9:14 of 2nd period - Stopped by Rick DiPietro with a rebound.
9:16 of 2nd period - Wrist shot by Wojtek Wolski.
9:16 of 2nd period - Shot Misses the Net.
10:22 of 2nd period - Minor Penalty to Mike Lundin for Hooking.
10:23 of 2nd period - Tyler Seguin wins face-off versus Dave Bolland in Blue Jackets zone.
11:00 of 2nd period - Tyler Seguin is hit by Dave Bolland and loses puck.
11:11 of 2nd period - Rob Scuderi is hit by Ian Cole and loses puck.
11:28 of 2nd period - Snap shot by Tyler Seguin.
11:28 of 2nd period - Deflect By Artemi Panarin.
11:28 of 2nd period - Shot Misses the Net.
11:28 of 2nd period - Puck is out of play.
11:29 of 2nd period - Dave Bolland wins face-off versus Eric Wellwood in Bruins zone.
11:41 of 2nd period - Icing by Jason Demers.
11:42 of 2nd period - Dave Bolland wins face-off versus Eric Wellwood in Bruins zone.
12:22 of 2nd period - Penalty to Mike Lundin is over, Mike Lundin is back on ice.
12:27 of 2nd period - Slapshot by Jason Demers.
12:27 of 2nd period - Shot Misses the Net.
14:21 of 2nd period - Icing by Jason Demers.
14:22 of 2nd period - Casey Cizikas wins face-off versus Pavel Datsyuk in Bruins zone.
14:27 of 2nd period - Pavel Datsyuk is hit by Wojtek Wolski and loses puck.
14:40 of 2nd period - Wojtek Wolski is hit by Mike Lundin and loses puck.
15:06 of 2nd period - Wojtek Wolski is hit by Martin Havlat and loses puck.
15:24 of 2nd period - Icing by Martin Havlat.
15:25 of 2nd period - Peter Mueller wins face-off versus Dave Bolland in Blue Jackets zone.
16:55 of 2nd period - Andreas Nodl is hit by Victor Oreskovich and loses puck.
18:09 of 2nd period - Jason Demers is hit by Eric Wellwood.
18:49 of 2nd period - Icing by Tyler Seguin.
18:50 of 2nd period - Cody Eakin wins face-off versus Casey Cizikas in Blue Jackets zone.
19:00 of 2nd period - Brandon Bollig is hit by Samuel Morin.
19:04 of 2nd period - Brandon Bollig is hit by Zack Hamill.
19:16 of 2nd period - Ryan Wilson is hit by Victor Oreskovich and loses puck.
19:28 of 2nd period - Minor Penalty to Ryan Wilson for Cross-checking.
19:29 of 2nd period - Wojtek Wolski wins face-off versus Tyler Seguin in Blue Jackets zone.
Goals for this period are 0 for Blue Jackets vs 0 for Bruins.
Shots for this period are 5 for Blue Jackets vs 4 for Bruins.
3rd period
0:01 of 3rd period - Tyler Seguin wins face-off versus Jonathan Toews in neutral zone.
0:14 of 3rd period - Slapshot by Jason Demers.
0:14 of 3rd period - Stopped by Rick DiPietro with a rebound.
0:34 of 3rd period - Slapshot by Dan Hamhuis.
0:34 of 3rd period - Stopped by Rick DiPietro without a rebound.
0:35 of 3rd period - Dave Bolland wins face-off versus Max Pacioretty in Blue Jackets zone.
0:56 of 3rd period - Wrist shot by Jonathan Toews.
0:56 of 3rd period - Goal by Jonathan Toews - Blue Jackets : 1 - Bruins : 2.
0:57 of 3rd period - Tyler Seguin wins face-off versus Jonathan Toews in neutral zone.
0:57 of 3rd period - Mike Lundin is hit by Wojtek Wolski and loses puck.
1:23 of 3rd period - Samuel Morin is hit by Eric Wellwood and loses puck.
1:43 of 3rd period - Minor Penalty to Johnny Boychuk for Hooking.
1:44 of 3rd period - Tyler Seguin wins face-off versus Zack Kassian in Bruins zone.
1:44 of 3rd period - Wrist shot by Artemi Panarin.
1:44 of 3rd period - Stopped by Kevin Poulin with a rebound.
1:56 of 3rd period - Slapshot by Artemi Panarin.
1:56 of 3rd period - Shot Misses the Net.
2:14 of 3rd period - Wrist shot by Max Pacioretty.
2:14 of 3rd period - Shot Blocked by Zack Kassian.
2:16 of 3rd period - Slapshot by Mike Lundin.
2:16 of 3rd period - Stopped by Kevin Poulin without a rebound.
2:17 of 3rd period - Peter Mueller wins face-off versus Wojtek Wolski in Bruins zone.
2:28 of 3rd period - Wrist shot by Max Pacioretty.
2:28 of 3rd period - Shot Blocked by Samuel Morin.
2:30 of 3rd period - Slapshot by Dalton Prout.
2:30 of 3rd period - Deflect By Martin Havlat.
2:30 of 3rd period - Shot Misses the Net.
2:30 of 3rd period - Puck is out of play.
2:31 of 3rd period - Jonathan Toews wins face-off versus Artemi Panarin in Bruins zone.
3:43 of 3rd period - Penalty to Johnny Boychuk is over, Johnny Boychuk is back on ice.
4:04 of 3rd period - Snap shot by Matt Read.
4:04 of 3rd period - Deflect By Mike Ribeiro.
4:04 of 3rd period - Stopped by Rick DiPietro with a rebound.
4:23 of 3rd period - Brandon Bollig is hit by T.J Galiardi and loses puck.
4:48 of 3rd period - Ian Cole is hit by Tyler Seguin and loses puck.
5:01 of 3rd period - Matt Read is hit by Martin Havlat and loses puck.
5:08 of 3rd period - Martin Havlat is hit by Samuel Morin and loses puck.
6:22 of 3rd period - Andreas Nodl is hit by Dave Bolland and loses puck.
6:33 of 3rd period - Wojtek Wolski is hit by Tyler Kennedy and loses puck.
6:53 of 3rd period - Rob Scuderi is hit by Victor Oreskovich and loses puck.
7:03 of 3rd period - Dalton Prout is hit by Casey Cizikas and loses puck.
7:31 of 3rd period - Snap shot by Cody Eakin.
7:31 of 3rd period - Shot Misses the Net.
8:00 of 3rd period - Icing by Jonathan Toews.
8:01 of 3rd period - Jonathan Toews wins face-off versus Tyler Seguin in Bruins zone.
8:16 of 3rd period - Snap shot by Eric Wellwood.
8:16 of 3rd period - Goal by Eric Wellwood - Blue Jackets : 2 - Bruins : 2.
8:17 of 3rd period - Tyler Seguin wins face-off versus Jonathan Toews in neutral zone.
8:32 of 3rd period - Wrist shot by Tyler Seguin.
8:32 of 3rd period - Stopped by Kevin Poulin without a rebound.
8:33 of 3rd period - Dave Bolland wins face-off versus Peter Mueller in Bruins zone.
8:39 of 3rd period - Off-side.
8:40 of 3rd period - Peter Mueller wins face-off versus Dave Bolland in neutral zone.
8:45 of 3rd period - Wrist shot by Martin Havlat.
8:45 of 3rd period - Deflect By Peter Mueller.
8:45 of 3rd period - Shot Misses the Net.
8:45 of 3rd period - Puck is out of play.
8:46 of 3rd period - Wojtek Wolski wins face-off versus Tyler Seguin in Bruins zone.
9:23 of 3rd period - Slapshot by Jason Demers.
9:23 of 3rd period - Deflect By Peter Mueller.
9:23 of 3rd period - Stopped by Rick DiPietro without a rebound.
9:24 of 3rd period - Pavel Datsyuk wins face-off versus Jonathan Toews in Blue Jackets zone.
10:39 of 3rd period - Slapshot by Rene Bourque.
10:39 of 3rd period - Stopped by Rick DiPietro with a rebound.
11:18 of 3rd period - Slapshot by Mike Lundin.
11:18 of 3rd period - Shot Blocked by Samuel Morin.
11:20 of 3rd period - Slapshot by Mike Lundin.
11:20 of 3rd period - Stopped by Kevin Poulin with a rebound.
11:42 of 3rd period - Snap shot by Brandon Bollig.
11:42 of 3rd period - Stopped by Kevin Poulin without a rebound.
11:43 of 3rd period - Pavel Datsyuk wins face-off versus Casey Cizikas in Bruins zone.
11:44 of 3rd period - Wrist shot by Eric Wellwood.
11:44 of 3rd period - Stopped by Kevin Poulin with a rebound.
11:46 of 3rd period - Minor Penalty to Casey Cizikas for Hooking.
11:47 of 3rd period - Wojtek Wolski wins face-off versus Tyler Seguin in Bruins zone.
12:35 of 3rd period - Wojtek Wolski is hit by Peter Mueller and loses puck.
13:27 of 3rd period - Max Pacioretty is hit by Victor Oreskovich and loses puck.
13:45 of 3rd period - Mike Lundin is hit by Kris Chucko and loses puck.
13:46 of 3rd period - Penalty to Casey Cizikas is over, Casey Cizikas is back on ice.
14:02 of 3rd period - Snap shot by Pavel Datsyuk.
14:02 of 3rd period - Deflect By Eric Wellwood.
14:02 of 3rd period - Shot Blocked by T.J Galiardi.
14:02 of 3rd period - Puck is out of play.
14:03 of 3rd period - Dave Bolland wins face-off versus Pavel Datsyuk in Bruins zone.
14:25 of 3rd period - Eric Wellwood is hit by Wojtek Wolski and loses puck.
15:01 of 3rd period - Slapshot by Mike Lundin.
15:01 of 3rd period - Stopped by Kevin Poulin with a rebound.
15:03 of 3rd period - Wrist shot by Mike Lundin.
15:03 of 3rd period - Shot Misses the Net.
15:19 of 3rd period - Snap shot by Eric Wellwood.
15:19 of 3rd period - Shot Blocked by Jason Demers.
15:21 of 3rd period - Snap shot by Tyler Kennedy.
15:21 of 3rd period - Shot Misses the Net.
15:23 of 3rd period - Snap shot by Tyler Kennedy.
15:23 of 3rd period - Shot Misses the Net.
15:29 of 3rd period - Wrist shot by Pavel Datsyuk.
15:29 of 3rd period - Shot Misses the Net.
15:51 of 3rd period - Wrist shot by Eric Wellwood.
15:51 of 3rd period - Stopped by Kevin Poulin without a rebound.
15:52 of 3rd period - Tyler Seguin wins face-off versus Mike Ribeiro in Bruins zone.
15:59 of 3rd period - Wrist shot by Artemi Panarin.
15:59 of 3rd period - Shot Misses the Net.
16:17 of 3rd period - Dave Bolland is hit by Max Pacioretty.
16:25 of 3rd period - Wrist shot by Victor Oreskovich.
16:25 of 3rd period - Stopped by Rick DiPietro with a rebound.
16:27 of 3rd period - Slapshot by Johnny Boychuk.
16:27 of 3rd period - Stopped by Rick DiPietro with a rebound.
17:09 of 3rd period - Slapshot by Matt Read.
17:09 of 3rd period - Shot Misses the Net.
17:19 of 3rd period - Rene Bourque is hit by Peter Mueller.
17:41 of 3rd period - Martin Havlat is hit by Matt Read and loses puck.
18:00 of 3rd period - Victor Oreskovich is hit by Mike Lundin and loses puck.
Goals for this period are 1 for Blue Jackets vs 1 for Bruins.
Shots for this period are 9 for Blue Jackets vs 8 for Bruins.
Overtime #1
0:01 of 1st overtime period - Wojtek Wolski wins face-off versus Tyler Seguin in neutral zone.
0:12 of 1st overtime period - Snap shot by Wojtek Wolski.
0:12 of 1st overtime period - Shot Misses the Net.
0:14 of 1st overtime period - Snap shot by Zack Kassian.
0:14 of 1st overtime period - Shot Blocked by Artemi Panarin.
0:48 of 1st overtime period - Slapshot by Max Pacioretty.
0:48 of 1st overtime period - Shot Misses the Net.
1:59 of 1st overtime period - Ian Cole is hit by Cam Fowler and loses puck.
2:30 of 1st overtime period - Mike Lundin is hit by Johnny Boychuk.
3:29 of 1st overtime period - Icing by Samuel Morin.
3:30 of 1st overtime period - Wojtek Wolski wins face-off versus Tyler Seguin in Bruins zone.
4:09 of 1st overtime period - Jason Demers is hit by Max Pacioretty and loses puck.
Goals for this period are 0 for Blue Jackets vs 0 for Bruins.
Shots for this period are 0 for Blue Jackets vs 0 for Bruins.
ShootOut
5:00 of 1st overtime period - Round #1.
5:00 of 1st overtime period - Blue Jackets, Tyler Seguin.
5:00 of 1st overtime period - Snap shot by Tyler Seguin.
5:00 of 1st overtime period - Stopped by Kevin Poulin.
5:00 of 1st overtime period - Bruins, Wojtek Wolski.
5:00 of 1st overtime period - Deke by Wojtek Wolski.
5:00 of 1st overtime period - Goal by Wojtek Wolski.
5:00 of 1st overtime period - Round #2.
5:00 of 1st overtime period - Blue Jackets, Artemi Panarin.
5:00 of 1st overtime period - Wrist shot by Artemi Panarin.
5:00 of 1st overtime period - Stopped by Kevin Poulin.
5:00 of 1st overtime period - Bruins, Zack Kassian.
5:00 of 1st overtime period - Deke by Zack Kassian.
5:00 of 1st overtime period - Stopped by Rick DiPietro.
5:00 of 1st overtime period - Round #3.
5:00 of 1st overtime period - Blue Jackets, Max Pacioretty.
5:00 of 1st overtime period - Wrist shot by Max Pacioretty.
5:00 of 1st overtime period - Goal by Max Pacioretty.
5:00 of 1st overtime period - Bruins, Jonathan Toews.
5:00 of 1st overtime period - Wrist shot by Jonathan Toews.
5:00 of 1st overtime period - Stopped by Rick DiPietro.
5:00 of 1st overtime period - Round #4.
5:00 of 1st overtime period - Blue Jackets, Peter Mueller.
5:00 of 1st overtime period - Deke by Peter Mueller.
5:00 of 1st overtime period - Shot Misses the Net.
5:00 of 1st overtime period - Bruins, Victor Oreskovich.
5:00 of 1st overtime period - Snap shot by Victor Oreskovich.
5:00 of 1st overtime period - Stopped by Rick DiPietro.
5:00 of 1st overtime period - Round #5.
5:00 of 1st overtime period - Blue Jackets, Devin Setoguchi.
5:00 of 1st overtime period - Snap shot by Devin Setoguchi.
5:00 of 1st overtime period - Shot Misses the Net.
5:00 of 1st overtime period - Bruins, Dave Bolland.
5:00 of 1st overtime period - Wrist shot by Dave Bolland.
5:00 of 1st overtime period - Shot Hit the Post.
5:00 of 1st overtime period - Round #6.
5:00 of 1st overtime period - Blue Jackets, Martin Havlat.
5:00 of 1st overtime period - Deke by Martin Havlat.
5:00 of 1st overtime period - Shot Misses the Net.
5:00 of 1st overtime period - Bruins, Jason Demers.
5:00 of 1st overtime period - Snap shot by Jason Demers.
5:00 of 1st overtime period - Goal by Jason Demers.